 Dungeon Crawl Stone Soup version 0.10-a0-1614-gaacbd52 character file.

1076 vogonpoet the Covered (level 8, -2/61 HPs)
             Began as a Hill Orc Venom Mage on Nov 1, 2011.
             Was a Believer of Okawaru.
             Slain by a hobgoblin
             ... wielding a +2,+1 halberd of freezing
              (11 damage)
             ... on Level 5 of the Dungeon.
             The game lasted 00:27:11 (5496 turns).

vogonpoet the Covered (Hill Orc Venom Mage)         Turns: 5496, Time: 00:27:11

HP  -2/61        AC 10     Str 13      XL: 8   Next: 10%
MP   7/12        EV  9     Int 15      God: Okawaru [**....]
Gold 299         SH  0     Dex 11      Spells:  3 memorised,  3 levels left

Res.Fire  : . . .   See Invis. : .   a - +0 orc mace
Res.Cold  : . . .   Warding    : . . I - +2 ring mail {rN+}
Life Prot.: + . .   Conserve   : .   (no shield)
Res.Acid. : . . .   Res.Corr.  : .   K - +0 helmet
Res.Poison: .       Clarity    : .   F - +0 cloak
Res.Elec. : .       Spirit.Shd : .   (no gloves)
Sust.Abil.: . .     Stasis     : .   (no boots)
Res.Mut.  : .       Ctrl.Telep.: .   q - amulet of the gourmand
Res.Rott. : .       Levitation : .   (no ring)
Gourmand  : +       Ctrl.Flight: .   i - ring of protection from magic {unknown}

@: quite resistant to hostile enchantments, unstealthy
A: saprovore 1
a: Heroism, Renounce Religion


You were on level 5 of the Dungeon.
You worshipped Okawaru.
Okawaru was greatly pleased with you.
You were not hungry.

You visited 1 branch of the dungeon, and saw 5 of its levels.

You collected 279 gold pieces.

Inventory:

Hand weapons
 a - a +0,+0 orcish mace (weapon)
 d - a +1,+0 sling
 h - a -1,-1 flail
 s - a +0,+0 orcish club (quivered)
 u - a +1,+0 sling
 A - a +0 blowgun
 B - a +0,+0 whip
 E - a +2,+2 quarterstaff of chaos
 O - a -1,+0 orcish dagger
 R - a +1,+0 sling
 V - a -1,+1 orcish dagger
 Y - a -1,+0 orcish hand axe
Missiles
 l - 21 poisoned +0 needles
 m - 56 +0 arrows
 n - 16 +0 arrows of flame
 r - 8 +0 sling bullets of flame
 v - 32 +0 darts
 D - 105 +0 sling bullets
 S - 18 +0 stones
 U - a -2 throwing net
 Z - a -1 throwing net
Armour
 x - a +0 orcish leather armour
 F - a +0 cloak (worn)
 I - a +2 ring mail of positive energy (worn)
 K - a +0 helmet (worn)
 L - a +2 orcish robe
 P - a +1 orcish robe
Magical devices
 y - a wand of magic darts (0)
Comestibles
 c - 3 meat rations
 f - 4 bread rations
 j - 2 chokos
 M - a slice of pizza
 N - a lemon
Scrolls
 k - a scroll of enchant armour {unknown}
 p - 7 scrolls of identify {unknown}
 t - 3 scrolls of blinking {unknown}
 z - 4 scrolls of detect curse
 C - a scroll of recharging {unknown}
 G - 3 scrolls of teleportation {unknown}
 J - a scroll of remove curse
 Q - a scroll of magic mapping {unknown}
 W - a scroll of amnesia
Jewellery
 i - a ring of protection from magic (left hand) {unknown}
 q - an amulet of the gourmand (around neck)
Potions
 e - a potion of agility
 g - 2 potions of curing
 o - a potion of magic {unknown}
 H - a potion of brilliance {unknown}
Books
 b - a Young Poisoner's Handbook

   Spells                             Type                      Level
   *Sting                             Conjuration/Poison           1
   *Cure Poison                       Poison                       2
   *Mephitic Cloud                    Conjuration/Poison/Air       3
   Olgreb's Toxic Radiance            Poison                       4
   Venom Bolt                         Conjuration/Poison           5


   Skills:
 * Level 4 Fighting
 * Level 4 Maces & Flails
 * Level 5 Armour
 - Level 2 Dodging
 - Level 2 Stealth
 + Level 2 Stabbing
 - Level 1 Spellcasting
 + Level 3 Poison Magic


You had 3 spell levels left.
You knew the following spells:

 Your Spells              Type           Power        Success   Level  Hunger
a - Sting                 Pois/Conj      ##...        Good        1    Strawberry
b - Cure Poison           Pois           ###.......   Good        2    Choko
c - Mephitic Cloud Pois/Air/Conj #........      Very         Poor        3    Honeycomb

Dungeon Overview and Level Annotations

Branches:
Dungeon (5/27)
 Temple: D:4-7

Altars:
Fedhas
Okawaru
Trog

Shops:
D:5: *

Annotations
D:3 Grinder


Innate Abilities, Weirdness & Mutations

You can tolerate rotten meat.


Message History

Okay, then.
Evoke which item? (* to show all) (? for menu, Esc to quit)
Okay, then.
Casting: Sting
Confirm with . or Enter, or press ? or * to list all spells.
Aiming: Sting
Press: ? - help, Shift-Dir - straight line, f - goblin
Aim: A goblin, wielding a spear The sting hits the goblin.
The goblin is heavily wounded.
The moth of wrath goads the goblin on!
The goblin goes berserk!
The big kobold throws a club.
The club hits you!
* * * LOW HITPOINT WARNING * * *
The moth of wrath goads the hobgoblin on!
The hobgoblin goes berserk!
You see here a club.
The goblin hits you but does no damage. The goblin barely misses you.
The moth of wrath goads the kobold on!
The kobold goes berserk!
The hobgoblin hits you with a halberd of freezing!
You die...

#..........#
###########..........#
.....%...............#
###############.########
........................
########################
##....### ##.......##
############...K@g)..# ########
..........##....#g...## .......>
############...###...)# ########
#.......#y#K_..#
########)###...###....###########
....).g)..##..).#....##..........
..g.g......#....)...)#####.######
##g##########.......## #.# #)#
#.##....### #.#


You could see a moth of wrath, a big kobold, a hobgoblin (berserk), a goblin
(berserk) and a kobold (berserk).

Vanquished Creatures
  An ogre (D:4)
  Blork the orc (D:4)
  2 hounds
  Crazy Yiuf (D:3)
  An orc priest (D:5)
  2 hound skeletons (D:5)
  4 worker ants
  4 orc wizards
  7 gnolls
  5 snakes
  A giant mite (D:5)
  4 worms (D:5)
  A bat skeleton (D:4)
  A giant gecko (D:4)
  3 orcs
  5 giant cockroaches
  16 hobgoblins
  2 jackals (D:3)
  A quokka (D:3)
  2 small snakes
  9 bats
  2 giant newts
  23 goblins
  9 kobolds
  9 rats
116 creatures vanquished.

Vanquished Creatures (others)
  An orc wizard (D:4)
  A giant gecko (D:2)
  3 toadstools
5 creatures vanquished.

Grand Total: 121 creatures vanquished

Notes
Turn   | Place    | Note
--------------------------------------------------------------
     0 | D:1      | vogonpoet, the Hill Orc Venom Mage, began the quest for the Orb.
     0 | D:1      | Reached XP level 1. HP: 14/14 MP: 3/3
   378 | D:1      | Reached skill level 1 in Fighting
   378 | D:1      | Reached XP level 2. HP: 10/20 MP: 2/4
   867 | D:2      | Reached XP level 3. HP: 22/26 MP: 5/5
   874 | D:2      | Reached skill level 1 in Maces & Flails
  1016 | D:2      | Found an iron altar of Okawaru.
  1034 | D:2      | Became a worshipper of Warmaster Okawaru
  1076 | D:2      | Learned a level 2 spell: Cure Poison
  1339 | D:2      | Reached skill level 1 in Stabbing
  1339 | D:2      | Reached XP level 4. HP: 26/34 MP: 1/7
  2328 | D:3      | Reached XP level 5. HP: 38/40 MP: 8/8
  2420 | D:3      | Learned a level 3 spell: Mephitic Cloud
  2429 | D:3      | Noticed Crazy Yiuf
  2442 | D:3      | Defeated Crazy Yiuf
  2442 | D:3      | Reached skill level 1 in Armour
  2694 | D:3      | Noticed Grinder
  2694 | D:3      | Paralysed by Grinder for 6 turns
  2891 | D:4      | Acquired Okawaru's first power
  2946 | D:4      | Reached XP level 6. HP: 12/47 MP: 3/9
  2986 | D:4      | Found a blossoming altar of Fedhas.
  3182 | D:4      | Noticed Blork the orc
  3197 | D:4      | HP: 2/47 [Blork the orc/wand of magic darts (11)]
  3611 | D:4      | Defeated Blork the orc
  3611 | D:4      | Reached skill level 4 in Fighting
  4270 | D:4      | Reached XP level 7. HP: 53/53 MP: 6/10
  4385 | D:5      | Entered Level 5 of the Dungeon
  4628 | D:5      | Found Cowea's Assorted Antiques.
  4841 | D:5      | Reached skill level 5 in Armour
  5074 | D:5      | Found a bloodstained altar of Trog.
  5145 | D:5      | Reached XP level 8. HP: 56/61 MP: 7/12
  5401 | D:5      | Noticed a big kobold
  5401 | D:5      | Noticed a big kobold
  5472 | D:5      | HP: 1/61 [gnoll/ club (7)]
  5496 | D:5      | Slain by a hobgoblin
